 Dungeon Crawl Stone Soup version 0.30.0-10-gfe55d96785 (webtiles) character file.

Game seed: 13222633030607574904

220 shadowrider38 the Slasher (level 5, -2/41 HPs)
             Began as a Demonspawn Cinder Acolyte on May 16, 2023.
             Was an Elder of Ignis.
             Slain by a gnoll bouda
             ... wielding a +0 whip
              (5 damage)
             ... on level 4 of the Dungeon.
             The game lasted 00:04:07 (3098 turns).

shadowrider38 the Slasher (DsCA)                    Turns: 3098, Time: 00:04:08

Health: -2/41      AC: 20    Str: 14    XL:     5   Next: 64%
Magic:  0/6        EV:  6    Int: 17    God:    Ignis [****..]
Gold:   112        SH:  2    Dex:  9    Spells: 4/6 levels left

rFire   + . .        a - -1 falchion (flame)
rCold   + . .        m - +0 buckler
rNeg    . . .        l - +3 chain mail {rC+}
rPois   .            (no helmet)
rElec   .            (no cloak)
rCorr   +            (no gloves)
SInv    .            (no boots)
Will    .....        p - amulet of the acrobat Stlth
                     g - ring of resist corrosion
HPRegen 0.26/turn    (no ring)
MPRegen 0.20/turn

%: acrobat, guardian spirit
@: weakened, fiery-armoured
A: icy blue scales 1, magic shield, magic regeneration, weakness stinger 1
a: Renounce Religion, Fiery Armour, Foxfire Swarm, Rising Flame


You were on level 4 of the Dungeon.
You worshipped Ignis.
Ignis was greatly pleased with you.
You visited 1 branch of the dungeon, and saw 4 of its levels.

You collected 112 gold pieces.

Inventory:

Hand Weapons
 a - a -1 falchion of flaming (weapon)
Armour
 d - a +0 plate armour
 l - a +3 chain mail of cold resistance (worn)
 m - a +0 buckler (worn)
Jewellery
 g - a ring of resist corrosion (left hand)
 p - an amulet of the acrobat (around neck)
Scrolls
 b - a scroll of torment {unknown}
 e - a scroll of identify {unknown}
 f - 2 scrolls of summoning
 j - a scroll of enchant armour
 o - a scroll of magic mapping {unknown}
 q - a scroll of enchant weapon {unknown}
 T - 2 scrolls of teleportation
Potions
 c - a potion of magic {unknown}
 h - a potion of might {unknown}
 i - a potion of brilliance {unknown}
 k - a potion of flight {unknown}
 n - a potion of attraction {unknown}


   Skills:
 - Level 3.0 Fighting
 + Level 5.9 Long Blades
 - Level 1.0 Spellcasting
 - Level 2.6 Fire Magic


You had 4 spell levels left.
You knew the following spells:

 Your Spells              Type           Power      Damage    Failure   Level
a - Scorch                Fire           18%        2d6       96%         2

Your spell library contained the following spells:

 Spells                   Type           Power      Damage    Failure   Level
 Kiss of Death            Conj/Necr      0%         2d5       99%         1
 Sublimation of Blood     Necr           0%         N/A       100%        2
 Wereblood                Tmut           0%         N/A       100%        2
 Confusing Touch          Hex            0%         N/A       100%        3
 Dispel Undead            Necr           0%         3d6       100%        4
 Summon Hydra             Summ           0%         N/A       100%        7


Dungeon Overview and Level Annotations

Branches:
Dungeon (4/15)
 Temple: D:4-7

Altars:
Ashenzari
Dithmenos
Gozag
Yredelemnul

Shops:
D:2 !   D:3 [


Innate Abilities, Weirdness & Mutations

You are partially covered in icy blue scales. (AC +2)
When hurt, damage is shared between your health and your magic reserves.
You regenerate magic rapidly.
You have a small tail.


Message History

The gnoll is no longer moving quickly.
The gnoll hits you but does no damage.
The gnoll bouda gazes fiercely through you!
You feel your attacks grow feeble.
The gnoll bouda hits you but does no damage.
You hit the gnoll bouda but do no damage.
The gnoll bouda is lightly wounded.
The gnoll hits you from afar with a +0 spear.
The gnoll bouda hits you with a +0 whip.
You hit the gnoll bouda. You burn the gnoll bouda.
The gnoll bouda is moderately wounded.
The gnoll hits you from afar with a +0 spear.
The gnoll bouda closely misses you.
You hit the gnoll bouda. You burn the gnoll bouda.
The gnoll bouda is heavily wounded.
The gnoll hits you from afar with a +0 spear.
* * * LOW HITPOINT WARNING * * *
The gnoll bouda hits you but does no damage.
You closely miss the gnoll bouda.
The gnoll bouda is heavily wounded.
Your attacks no longer feel as feeble.
The gnoll barely misses you.
The gnoll bouda hits you but does no damage.
You barely miss the gnoll bouda.
Your tail-slap misses the gnoll bouda.
The gnoll bouda is heavily wounded.
The gnoll hits you but does no damage. The gnoll bouda barely misses you.
Okay, then.
You hit the gnoll bouda. You burn the gnoll bouda.
The gnoll bouda is severely wounded.
The gnoll hits you but does no damage.
The gnoll bouda calls upon its god to heal the gnoll.
The gnoll is healed somewhat.
You barely miss the gnoll bouda.
The gnoll bouda is severely wounded.
The gnoll is no longer moving quickly.
A gnoll comes into view. It is wielding a +0 flail.
The gnoll hits you from afar with a +0 spear.
* * * LOW HITPOINT WARNING * * *
The gnoll bouda hits you with a +0 whip.
* * * LOW HITPOINT WARNING * * *
You barely miss the gnoll bouda.
The gnoll bouda is severely wounded.
The gnoll hits you but does no damage.
The gnoll bouda gazes fiercely through you!
You feel your attacks grow feeble.
The gnoll bouda hits you but does no damage.
Unknown command.
A protective cloak of flame settles atop you.
The gnoll hits you but does no damage.
The gnoll bouda hits you with a +0 whip.
You die...

♣###.########
~ ♣..#......#
P~
♣#.#.####.#
♣~~~♣##.#.#
.#
♣P♣......#.?#
♣.####..#..#
#.....ggg..#
####..#g#.##
##..##@#...
#..###.# ##.#
##.## #.# #
#..# #..
####.## ####
##....#
#..####
###.### .
##.....##


You could see a gnoll bouda and 3 gnolls.

Vanquished Creatures
  A sleepcap (D:4)
  Terence (D:2)
  Natasha (thrice) (D:2)
  3 adders
  A worm (D:3)
  3 dart slugs
  6 orcs (D:3)
  3 ball pythons
  3 bats
  6 endoplasms
  7 giant cockroaches
  3 goblins
  2 hobgoblins
  2 kobolds
  2 quokkas
  A frilled lizard (D:3)
  5 rats
52 creatures vanquished.

Vanquished Creatures (others)
  22 foxfires (D:2)
22 creatures vanquished.

Grand Total: 74 creatures vanquished

Notes
Turn   | Place    | Note
-------+----------+-------------------------------------------
     0 | D:1      | shadowrider38 the Demonspawn Cinder Acolyte began the quest
                  | for the Orb.
     0 | D:1      | Reached XP level 1. HP: 18/18 MP: 2/2
   142 | D:1      | Reached skill level 3 in Long Blades
   258 | D:1      | Gained mutation: You regenerate magic rapidly. [demonic
                  | ancestry]
   258 | D:1      | Reached XP level 2. HP: 24/24 MP: 3/3
   984 | D:2      | Noticed Terence
   984 | D:2      | Noticed Natasha
   990 | D:2      | Killed Terence
   991 | D:2      | Reached skill level 4 in Long Blades
   991 | D:2      | Gained mutation: When hurt, damage is shared between your
                  | health and your magic reserves. [demonic ancestry]
   991 | D:2      | Reached XP level 3. HP: 29/29 MP: 4/4
   992 | D:2      | Killed Natasha
   993 | D:2      | Gained mutation: You are partially covered in icy blue
                  | scales. (AC +2) [demonic ancestry]
   993 | D:2      | Reached XP level 4. HP: 35/35 MP: 5/5
  1018 | D:2      | Found Itwaseyh's Distillery.
  1208 | D:2      | Noticed Natasha
  1219 | D:2      | Killed Natasha
  1287 | D:2      | Noticed Natasha
  1309 | D:2      | Killed Natasha
  1310 | D:2      | Reached skill level 5 in Long Blades
  1412 | D:2      | Learned a level 2 spell: Scorch
  1443 | D:2      | Found Itwaseyh's Distillery.
  1701 | D:3      | Found a basalt altar of Yredelemnul.
  1716 | D:3      | Gained mutation: You have a small tail. [demonic ancestry]
  1716 | D:3      | Reached XP level 5. HP: 31/41 MP: 4/6
  1937 | D:3      | Found Juoroicod's Antique Weapon Shoppe.
  2000 | D:3      | Found a broken altar of Ashenzari.
  2150 | D:3      | Found a shadowy altar of Dithmenos.
  2414 | D:3      | Found a faded altar of an unknown god.
  2614 | D:3      | Found Afej's Antique Armour Emporium.
  3007 | D:4      | Found an opulent altar of Gozag.
  3098 | D:4      | Slain by a gnoll bouda

Illustrated notes

Levels and vault maps discovered:
D:1:      lightli_arrival_statue_moat, layout_basic, minmay_tiny_reverse_x
D:2:      layout_rooms, serial_shops, nicolae_shop_crystal, uniq_terence,
          uniq_natasha
D:3:      layout_basic, nicolae_dithmenos_shadow_blocks,
          mainiacjoe_overflow_boulevard, mainiacjoe_overflow_chevrons,
          serial_shops, shop, nicolae_shop_just_a_little_nook,
          hellmonk_ecumenical_altar_run_dry, serial_bayou, serial_bayou_lake_a,
          serial_bayou_shore_b, serial_bayou_ford_a, serial_bayou_pond_d,
          uniq_crazy_yiuf_cottage
D:4:      layout_basic, grunt_gozag_statues, minmay_temple_entry_mini_moons,
          serial_bayou_lagoon_b

Skill      XL: |  1  2  3  4 |
---------------+-------------+-----
Long Blades    | 3 4 5 |  5.9
Fighting       | |  3.0
Spellcasting   | |  1.0
Fire Magic     | |  2.6

Action                     |  1- 3 |  4- 6 || total
---------------------------+-------+-------++-------
  Melee: Falchion          |    64 |   196 ||   260
         Punch             |     1 |       ||     1
         Tailslap          |       |    16 ||    16
 Invoke: Fiery Armour      |     1 |     1 ||     2
         Foxfire Swarm     |     1 |       ||     1
    Use: Scroll            |     2 |     1 ||     3
 Armour: Robe              |     9 |       ||     9
         Plate armour      |    45 |    60 ||   105
         Chain mail        |       |    95 ||    95
  Dodge: Dodged            |    25 |    57 ||    82
  Block: Buckler           |       |     9 ||     9
